 Dungeon Crawl Stone Soup version 0.24-a0-584-g9d6b971ae4 (webtiles) character file.

Game seed: 10852550763890200575, levelgen mode: deterministic

134 Gynju the Ruffian (level 4, -1/36 HPs)
             Began as a Draconian Transmuter on Sept 3, 2019.
             Slain by an orc
             ... wielding a +2 mace of protection
              (5 damage)
             ... on level 3 of the Dungeon.
             The game lasted 00:04:20 (4049 turns).

Gynju the Ruffian (Draconian Transmuter)            Turns: 4049, Time: 00:04:21

Health: -1/36      AC:  6    Str: 14    XL:     4   Next: 95%
Magic:  6/8        EV: 12    Int: 13    God:
Gold:   144        SH:  0    Dex: 11    Spells: 3/9 levels left

rFire    . . .     SeeInvis .     - Unarmed
rCold    . . .     Gourm    .   (no shield)
rNeg     . . .     Faith    .   (armour unavailable)
rPois    .         Spirit   .   (helmet restricted)
rElec    .         Reflect  .   (no cloak)
rCorr    .         Harm     .   k - +0 pair of gloves
MR       .....                  (no boots)
Stlth    +.........             (no amulet)
HPRegen  0.12/turn              (no ring)
MPRegen  0.11/turn              (no ring)

@: no status effects
A: unfitting armour, cold-blooded, AC +5
a: no special abilities


You were on level 3 of the Dungeon.
You were hungry.

You visited 1 branch of the dungeon, and saw 3 of its levels.

You collected 144 gold pieces.

Inventory:

Missiles
 a - 40 arrows
 h - a throwing net (quivered)
 q - 243 stones
Armour
 k - a +0 pair of gloves (worn)
Jewellery
 p - an uncursed ring of wizardry {unknown}
 v - a +6 ring of strength
Scrolls
 d - 2 scrolls of fear {unknown}
 f - 2 scrolls of remove curse {unknown}
 j - 3 scrolls of identify {unknown}
 l - a scroll of magic mapping {unknown}
 m - a scroll of random uselessness {unknown}
 n - a scroll of fog {unknown}
 t - a scroll of enchant armour {unknown}
 u - a scroll of amnesia {unknown}
 x - 2 scrolls of teleportation {unknown}
Potions
 b - 3 potions of curing {unknown}
 e - 2 potions of degeneration {unknown}
 g - 3 potions of brilliance {unknown}
 i - 2 potions of might {unknown}
 o - 2 potions of agility {unknown}
 r - 2 potions of lignification {unknown}
 s - 2 potions of ambrosia {unknown}
 w - a potion of heal wounds {unknown}
Comestibles
 c - 8 rations
 z - 2 chunks of flesh


   Skills:
 - Level 2.1 Fighting
 - Level 2.2 Dodging
 + Level 3.4 Unarmed Combat
 * Level 3.0 Spellcasting
 * Level 3.2 Transmutations
 + Level 0.6 Poison Magic


You had 3 spell levels left.
You knew the following spells:

 Your Spells              Type           Power        Failure   Level  Hunger
a - Beastly Appendage     Tmut           ##....       6%          1    #......
b - Sticks to Snakes      Tmut           ##......     9%          2    ##.....
c - Spider Form           Tmut/Pois      #.........   30%         3    ###....

Your spell library contained the following spells:

 Spells                   Type           Power        Failure   Level  Hunger
 Ice Form                 Ice/Tmut       #.......     75%         4    #####..
 Blade Hands              Tmut           ##........   86%         5    ######.


Dungeon Overview and Level Annotations

Branches:
Dungeon (3/15)

Altars:

Annotations:
D:1 exclusion: door


Innate Abilities, Weirdness & Mutations

Your plain brown scales are hard. (AC +5)
You cannot fit into any form of body armour.
You are cold-blooded and may be slowed by cold attacks.


Message History

Pain shoots through your body!
* * * LOW HITPOINT WARNING * * *
The orc closely misses you. The orc misses you.
You hit the orc priest.
The orc priest is poisoned.
The orc priest is lightly wounded.
The orc priest barely misses you. The orc completely misses you.
You hit the orc priest.
The orc priest is heavily wounded.
Your transformation has ended.
Your +0 pair of gloves unmelds from your body.
The orc barely misses you. The orc priest hits you.
* * * LOW HITPOINT WARNING * * *
You barely miss the orc priest.
The orc priest is heavily wounded.
The orc hits you but does no damage. The orc closely misses you.
The orc priest hits you.
* * * LOW HITPOINT WARNING * * *
The orc misses you.
The orc hits you with a +2 mace of protection.
You die...

#### ### #.. ##...#...###
#####.# #.. ...# ####..)..#
#.# #..## ######....@o..###.#
#...#
..........oo#.....###...###
####.........###......o... .
#†....>...........o##..### .
####.##.........###...#....##
.#
#...............##.#...###..#
..###.##.##.#.....###.##...#
#..o #.... #.##)##.###...#
#.#.###..# .>.#####.##.##.#
######........#


You could see an orc priest and 2 orcs.

Vanquished Creatures
  5 adders (D:2)
  2 oozes (D:3)
  2 worms (D:3)
  2 dart slugs
  3 leopard geckos
  2 orcs
  8 bats
  2 giant cockroaches
  8 hobgoblins
  3 jackals (D:3)
  A ball python (D:3)
  2 frilled lizards
  7 goblins
  11 kobolds
  7 rats
65 creatures vanquished.

Notes
Turn   | Place    | Note
-------+----------+-------------------------------------------
     0 | D:1      | Gynju the Draconian Transmuter began the quest for the Orb.
     0 | D:1      | Reached XP level 1. HP: 16/16 MP: 3/3
   465 | D:1      | Reached XP level 2. HP: 23/23 MP: 3/5
  1764 | D:2      | Reached XP level 3. HP: 28/28 MP: 6/6
  2515 | D:2      | Reached XP level 4. HP: 31/36 MP: 8/8
  3028 | D:2      | Learned a level 2 spell: Sticks to Snakes
  3032 | D:2      | Learned a level 3 spell: Spider Form
  4049 | D:3      | Slain by an orc

Levels and vault maps discovered:
D:1:      dpeg_arrival_morbid_curiosity, layout_basic
D:2:      layout_loops_corners
D:3:      layout_loops_ring, columned_hall_lemuel

Skill      XL: |  1  2  3  4 |
---------------+-------------+-----
Dodging        | 2 |  2.2
Fighting       | 2 |  2.1
Transmutations | 3 |  3.2
Spellcasting   | 3 |  3.0
Unarmed Combat | |  3.4
Poison Magic   | |  0.6

Action                   |  1- 3 |  4- 6 || total
-------------------------+-------+-------++-------
Melee: Unarmed           |   135 |    87 ||   222
       Kick              |     7 |     7 ||    14
       Tailslap          |    10 |     7 ||    17
       Headbutt          |     3 |     7 ||    10
       Punch             |     1 |     1 ||     2
 Cast: Beastly Appendage |    17 |    20 ||    37
       Spider Form       |       |     1 ||     1
 Stab: Sleeping          |     2 |       ||     2
  Eat: Chunk             |     5 |     5 ||    10
Armor: Skin              |    45 |    31 ||    76
Dodge: Dodged            |   109 |    70 ||   179

Table legend:
 A = Non-vault XP
 B = Vault XP
 C = Vault XP percentage of total XP
 D = Non-vault monster count
 E = Vault monster count
 F = Vault count percentage of total count
                 A         B        C        D         E       F
            +---------+---------+-------+---------+---------+-------
      Total |     182 |      10 |   5.2 |      60 |       5 |   7.7
            +---------+---------+-------+---------+---------+-------
        D:1 |      29 |      10 |  25.6 |      17 |       5 |  22.7
        D:2 |      98 |       0 |   0.0 |      23 |       0 |   0.0
        D:3 |      55 |       0 |   0.0 |      20 |       0 |   0.0
            +---------+---------+-------+---------+---------+-------
